 Dungeon Crawl Stone Soup version 0.18-a0-1748-g7377c14 (webtiles) character file.

303 dobroeutro the Shield-Bearer (level 6, 0/40 HPs)
             Began as a Gargoyle Fighter on Apr 12, 2016.
             Was an Initiate of Okawaru.
             Slain by an orc (3 damage)
             ... on level 4 of the Dungeon.
             The game lasted 00:06:34 (2251 turns).

dobroeutro the Shield-Bearer (Gargoyle Fighter)     Turns: 2251, Time: 00:06:37

Health: 0/40       AC: 11    Str: 21    XL:     6   Next: 38%
Magic:  6/6        EV:  7    Int:  8    God:    Okawaru [......]
Gold:   171        SH: 10    Dex: 10    Spells: 0 memorised, 5 levels left

rFire  . . .     SeeInvis .     q - +2 flail (drain)
rCold  . . .     Gourm    .     b - +0 scale mail
rNeg   + . .     Faith    .     c - +0 shield
rPois  ∞         Spirit   .     (no helmet)
rElec  +         Dismiss  .     (no cloak)
rCorr  .         Reflect  .     (no gloves)
SustAt .         Harm     .     (no boots)
MR     .....                    (no amulet)
Stlth  ..........               (no ring)
                                (no ring)

@: not resistant to hostile enchantments, extremely unstealthy
A: negative energy resistance 1, electricity resistance, unbreathing,
petrification resistance, rot immunity, AC +4
a: Renounce Religion


You were on level 4 of the Dungeon.
You worshipped Okawaru.
Okawaru was noncommittal.
You were very hungry.

You visited 1 branch of the dungeon, and saw 4 of its levels.

You collected 171 gold pieces.

Inventory:

Hand Weapons
 q - a +2 flail of draining (weapon)
Armour
 b - a +0 scale mail (worn)
 c - a +0 shield (worn)
Scrolls
 g - a scroll of identify
 n - a scroll of remove curse
 w - a scroll of blinking
 x - a scroll of immolation
Potions
 d - a potion of might
 e - 2 potions of degeneration
 h - a potion of brilliance
 i - a potion of agility {unknown}
 j - a potion of mutation {unknown}
 k - a potion of curing
 l - 2 potions of heal wounds {unknown}
 o - a potion of cancellation
 p - a potion of berserk rage
Comestibles
 f - 2 bread rations
 m - a beef jerky
 z - a slice of pizza
 A - 2 meat rations


   Skills:
 + Level 4.8 Fighting
 + Level 3.1 Maces & Flails
 + Level 4.6 Armour
 + Level 5.1 Shields


You had 5 spell levels left.
You didn't know any spells.

Dungeon Overview and Level Annotations

Branches:
Dungeon (4/15)
 Temple: D:4-7

Altars:
Kikubaaqudgha
Okawaru
Vehumet


Innate Abilities, Weirdness & Mutations

You are resistant to torment.
Your stone body is resilient (AC +4).
You are immune to poison.
You resist negative energy.
You are resistant to electric shocks.
You can survive without breathing.
You are immune to petrification.
You are immune to rotting.


Message History

* * * LOW HITPOINT WARNING * * *
Something hits you.
* * * LOW HITPOINT WARNING * * *
You block the kobold's attack.
The kobold throws a stone.
You block the stone.
The kobold throws a stone.
The orc hits you.
* * * LOW HITPOINT WARNING * * *
Drink which item? (? for menu, Esc to quit)
It was a potion of berserk rage.
You're too hungry to go berserk.
Something hits you but does no damage. The kobold hits you but does no damage.
You block the orc's attack.
The kobold throws a stone.
You block the stone.
A kobold comes into view. It is wielding a club.
Drink which item? (? for menu, Esc to quit)
It was a potion of cancellation.
Your magical effects are unravelling.
You feel magically purged.
You feel a little less clever now.
The kobold shouts!
Something hits you but does no damage. The kobold closely misses you.
The orc hits you.
You die...

...............
................ ...
.K....K........ .....
#......K.#...######.#.#
#....###...o........#.#
.......#........#.#.# ..
#......(#...##.#.#.# ...
#.#K###.#...##(#.#.# ..
..#@{KK........#.#.# #.
#.#o#K....#.##.....#
##.###.#o..###(#.####.#.#
####......#.......#..###...#
#........#....#.###.........
#........#....#.####..##...#
#........#....#.............
+........#....####..#..#>..#
#........#....# #..........


You could see an orc priest, an orc and 5 kobolds.

Vanquished Creatures
  A phantom (D:4)
  An orc wizard (D:3)
  A gnoll (D:1)
  6 adders
  2 oozes
  4 worms
  2 dart slugs
  3 giant geckos
  5 orcs
  A giant cockroach (D:2)
  11 goblins
  17 hobgoblins
  7 jackals (D:2)
  2 quokkas (D:2)
  2 ball pythons
  5 bats
  4 giant newts
  9 kobolds
  6 rats
89 creatures vanquished.

Notes
Turn   | Place    | Note
--------------------------------------------------------------
     0 | D:1      | dobroeutro the Gargoyle Fighter began the quest for the Orb.
     0 | D:1      | Reached XP level 1. HP: 14/14 MP: 1/1
    97 | D:1      | Reached XP level 2. HP: 13/19 MP: 2/2
   244 | D:1      | Reached XP level 3. HP: 20/24 MP: 3/3
   656 | D:2      | Reached XP level 4. HP: 6/29 MP: 4/4
   726 | D:2      | Reached skill level 4 in Shields
   741 | D:2      | HP: 1/29 [hobgoblin (2)]
  1074 | D:2      | Found a radiant altar of Vehumet.
  1077 | D:2      | Found an ancient bone altar of Kikubaaqudgha.
  1080 | D:2      | Found an iron altar of Okawaru.
  1084 | D:2      | Became a worshipper of Warmaster Okawaru
  1128 | D:2      | Reached XP level 5. HP: 28/34 MP: 5/5
  1997 | D:4      | Noticed a phantom
  2052 | D:4      | Killed a phantom
  2052 | D:4      | Reached skill level 5 in Shields
  2052 | D:4      | Reached XP level 6. HP: 7/40 MP: 6/6
  2251 | D:4      | Slain by an orc

Vault maps used:
D:1:      lightli_arrival_maybe_door_vault
D:2:      grunt_temple_overflow_diamond, minivault_4
D:3:      minivault_14, kennysheep_generic_room_9
D:4:      minmay_goblin_kobold_castle, zin_treasury,
          minmay_temple_entry_large_hall, first_bread, minmay_misc_feat_columns,
          uniq_pikel, uniq_crazy_yiuf_cottage

Skill      XL: |  1  2  3  4  5 |
---------------+----------------+-----
Fighting       | 4 |  4.8
Armour         | 4 |  4.6
Shields        | 4 5 |  5.1
Maces & Flails | 3 |  3.1

Action                   |  1- 3 |  4- 6 || total
-------------------------+-------+-------++-------
Melee: Flail             |    45 |   228 ||   273
       Spear             |    58 |       ||    58
  Use: Scroll            |       |    10 ||    10
       Potion            |       |     4 ||     4
  Eat: Chunk             |       |     4 ||     4
Armor: Scale mail        |    50 |   139 ||   189
Dodge: Dodged            |    46 |    74 ||   120
Block: Shield            |    61 |   125 ||   186
